 Dungeon Crawl Stone Soup version 0.19.0-9-gfd783f2 (webtiles) character file.

1381 McCoppin the Cudgeler (level 8, -8/65 HPs)
             Began as a Formicid Fighter on Nov 7, 2016.
             Was an Initiate of Kikubaaqudgha.
             Mangled by Menkaure (17 damage)
             ... on level 6 of the Dungeon.
             The game lasted 00:15:04 (4630 turns).

McCoppin the Cudgeler (Formicid Fighter)            Turns: 4630, Time: 00:15:05

Health: -8/65      AC: 17    Str: 21    XL:     8   Next: 99%
Magic:  8/8        EV:  5    Int: 10    God:    Kikubaaqudgha [......]
Gold:   232        SH:  9    Dex: 10    Spells: 1 memorised, 6 levels left

rFire  . . .     SeeInvis +     E - +1 mace (protect)
rCold  . . .     Gourm    +     r - +0 chain mail (curse)
rNeg   . . .     Faith    .     c - +0 shield
rPois  .         Spirit   .     (helmet unavailable)
rElec  .         Reflect  .     (no cloak)
rCorr  +         Harm     .     (no gloves)
MR     .....                    l - +0 pair of boots
Stlth  ..........               C - amulet of the gourmand
                                (no ring)
                                A - ring of resist corrosion

@: protection aura
A: permanent stasis, dig shafts and tunnels, four strong arms, antennae 3
a: Dig, Shaft Self, Renounce Religion


You were on level 6 of the Dungeon.
You worshipped Kikubaaqudgha.
Kikubaaqudgha was noncommittal.
You were not hungry.

You visited 1 branch of the dungeon, and saw 7 of its levels.

You collected 232 gold pieces.

Inventory:

Hand Weapons
 a - a +0 flail
 B - a -2 dire flail
 E - a +1 mace of protection (weapon)
Missiles
 G - a throwing net (quivered)
Armour
 b - a +0 scale mail
 c - a +0 shield (worn)
 k - a +0 ring mail
 l - a +0 pair of boots (worn)
 r - a cursed +0 chain mail (worn)
Jewellery
 A - a ring of resist corrosion (left hand)
 C - an amulet of the gourmand (around neck)
Wands
 v - a wand of teleportation (3/9)
 x - a wand of teleportation (1/9)
 y - a wand of enslavement (21/24)
 D - a wand of flame (18/48)
Scrolls
 e - a scroll of remove curse
 g - 2 scrolls of enchant weapon {unknown}
 m - 2 scrolls of amnesia
 n - 2 scrolls of noise {unknown}
 s - 2 scrolls of random uselessness
 u - a scroll of identify
 w - 5 scrolls of blinking {unknown}
 F - a scroll of enchant armour {unknown}
Potions
 d - a potion of might
 h - 2 potions of degeneration {unknown}
 j - a potion of berserk rage {unknown}
 p - a potion of invisibility
 q - a potion of lignification
 t - a potion of magic {unknown}
Books
 o - a book of Cantrips

   Spells                             Type                      Level
   a - Confusing Touch                Hexes                        1
   b - Animate Skeleton               Necromancy                   1
   c - Summon Small Mammal            Summoning                    1
   d - Apportation                    Translocation                1
Comestibles
 f - 3 bread rations
 i - 5 meat rations
 z - 3 fruits


   Skills:
 + Level 6.7 Fighting
 * Level 7.7 Maces & Flails
 - Level 3.2 Armour
 - Level 3.6 Shields
 + Level 4.4 Necromancy


You had 6 spell levels left.
You knew the following spells:

 Your Spells              Type           Power        Failure   Level  Hunger
a - Animate Skeleton      Necr           N/A          99%         1    ##.....


Dungeon Overview and Level Annotations

Branches:
Dungeon (7/15)             Temple (0/1) D:4

Altars:
Cheibriados
Dithmenos
Kikubaaqudgha
Nemelex Xobeh
Yredelemnul
Zin

Shops:
D:5 %

Annotations:
D:6 Menkaure


Innate Abilities, Weirdness & Mutations

You are under a permanent stasis effect.
You can dig through walls and to a lower floor.
Your four strong arms can wield two-handed weapons with a shield.
You have a pair of large antennae on your head. (SInv)


Message History

Menkaure hits you but does no damage.
Your shield and chain mail prevent you from hitting Menkaure.
Menkaure is heavily damaged.
Menkaure gestures at you while chanting.
Pain shoots through your body!
You hit Menkaure.
Menkaure is severely damaged.
Menkaure points at you and mumbles some strange words.
Pain shoots through your body!
* * * LOW HITPOINT WARNING * * *
Your shield and chain mail prevent you from hitting Menkaure.
Menkaure is severely damaged.
Menkaure hits you!
* * * LOW HITPOINT WARNING * * *
Menkaure hits you but does no damage.
You hit Menkaure.
Menkaure is almost destroyed.
Menkaure hits you!
You die...
Kikubaaqudgha rasps: "You have failed me!
Welcome... death!"

#.### #......# # ##...#
#......# #....#
#......#
#>######......#
#.....(M......#
#..############ #..####
####..##M## ######
#.......#@# .....#
#.......######.#
..##.###....<........##
.>##.#................#
..##.#.#####...#####...
..##.#.# #...# .......#
#...# .....#.# #.###
######.#####.#


You could see Menkaure.

Vanquished Creatures
  Sigmund (D:3)
  3 ogres (D:5)
  A scorpion (D:6)
  A howler monkey (D:3)
  A crimson imp (D:6)
  A bullfrog zombie (D:4)
  3 hounds
  4 orc priests
  A bullfrog skeleton (D:5)
  4 worker ants
  Terence (D:3)
  2 iguanas
  2 orc wizards (D:4)
  Robin (D:3)
  11 gnolls
  11 adders
  2 oozes
  A worm (D:5)
  4 dart slugs
  4 leopard geckos
  12 orcs
  9 bats
  8 giant cockroaches
  17 goblins
  8 hobgoblins
  14 jackals
  6 kobolds
  3 quokkas
  A ball python (D:2)
  5 frilled lizards
  A quokka skeleton (D:5)
  7 rats
  A spectral orc (D:5)
151 creatures vanquished.

Notes
Turn   | Place    | Note
-------+----------+-------------------------------------------
     0 | D:1      | McCoppin the Formicid Fighter began the quest for the Orb.
     0 | D:1      | Reached XP level 1. HP: 18/18 MP: 1/1
   220 | D:1      | Reached XP level 2. HP: 24/24 MP: 2/2
   601 | D:1      | Reached XP level 3. HP: 26/30 MP: 3/3
  1028 | D:2      | Reached skill level 3 in Maces & Flails
  1051 | D:2      | Reached XP level 4. HP: 24/37 MP: 4/4
  1054 | D:2      | Learned a level 1 spell: Animate Skeleton
  1208 | D:2      | Found a snail-covered altar of Cheibriados.
  1605 | D:2      | Reached XP level 5. HP: 24/43 MP: 5/5
  1703 | D:2      | Reached skill level 1 in Necromancy
  1889 | D:2      | Reached skill level 4 in Maces & Flails
  2083 | D:3      | Noticed Robin
  2106 | D:3      | Killed Robin
  2165 | D:3      | Reached XP level 6. HP: 49/49 MP: 6/6
  2265 | D:3      | Noticed Terence
  2272 | D:3      | Killed Terence
  2352 | D:3      | Reached skill level 5 in Fighting
  2352 | D:3      | Reached skill level 5 in Maces & Flails
  2686 | D:3      | Reached XP level 7. HP: 56/56 MP: 7/7
  2733 | D:3      | Noticed Sigmund
  2743 | D:3      | Killed Sigmund
  3244 | D:4      | Reached skill level 6 in Maces & Flails
  3345 | D:4      | Reached XP level 8. HP: 47/64 MP: 8/8
  3552 | D:4      | You fall through a shaft for 3 floors!
  3595 | D:6      | Found an ancient bone altar of Kikubaaqudgha.
  3611 | D:6      | Became a worshipper of Kikubaaqudgha
  3748 | D:5      | Entered Level 5 of the Dungeon
  3775 | D:5      | Reached skill level 7 in Maces & Flails
  3796 | D:5      | Found Zemu's Food Shop.
  4077 | D:5      | Found a basalt altar of Yredelemnul.
  4099 | D:5      | Found a sparkling altar of Nemelex Xobeh.
  4273 | D:5      | Found a shadowy altar of Dithmenos.
  4273 | D:5      | Found a glowing silver altar of Zin.
  4428 | D:4      | Found a staircase to the Ecumenical Temple.
  4602 | D:6      | Noticed Menkaure
  4630 | D:6      | Mangled by Menkaure

Skill      XL: |  1  2  3  4  5  6  7  8 |
---------------+-------------------------+-----
Fighting       | 4 5 6 |  6.7
Maces & Flails | 3 4 5 6 7 |  7.7
Necromancy     | 1 2 3 4 |  4.4
Armour         | |  3.2
Shields        | |  3.6

Action                   |  1- 3 |  4- 6 |  7- 9 || total
-------------------------+-------+-------+-------++-------
Melee: Flail             |   107 |   249 |   246 ||   602
       Mace              |       |       |    66 ||    66
 Abil: Dig               |       |     3 |     4 ||     7
  Use: Scroll            |       |     4 |     1 ||     5
       Potion            |       |     1 |       ||     1
  Eat: Chunk             |       |     5 |     9 ||    14
       Bread ration      |       |     1 |       ||     1
Armor: Scale mail        |    17 |       |       ||    17
       Ring mail         |    52 |   100 |     5 ||   157
       Skin              |       |     2 |       ||     2
       Chain mail        |       |       |   120 ||   120
Dodge: Dodged            |    32 |    78 |    55 ||   165
Block: Shield            |    69 |   118 |   136 ||   323
